 Dungeon Crawl Stone Soup version 0.27.0-1-g7a089689b8 (webtiles) character file.

Game seed: 2011756222898953323

795 inmateoo the Sneak (level 7, -2/35 HPs)
             Began as a Spriggan Transmuter on Aug 12, 2021.
             Slain by a mummy (15 damage)
             ... in an ossuary.
             The game lasted 00:13:33 (6132 turns).

inmateoo the Sneak (Spriggan Transmuter)            Turns: 6132, Time: 00:13:34

Health: -2/35      AC:  2    Str:  6    XL:     7   Next: 58%
Magic:  15/15      EV: 19    Int: 14    God:
Gold:   145        SH:  0    Dex: 18    Spells: 13/16 levels left

rFire    . . .     SeeInvis +   h - +2 dagger (drain)
rCold    . . .     Faith    .   (shield restricted)
rNeg     . . .     Spirit   .   a - +0 robe
rPois    .         Reflect  .   (helmet restricted)
rElec    .         Harm     .   (no cloak)
rCorr    .         Rampage  .   (gloves unavailable)
Will     +....                  (boots unavailable)
Stlth    +++.......             (no amulet)
HPRegen  0.11/turn              (no ring)
MPRegen  0.14/turn              (no ring)

@: wereblooded (expiring), very quick
A: very small, no large weapons, unfitting armour, see invisible, speed 3
a: no special abilities


You were in an ossuary.
You visited 1 branch of the dungeon, and saw 5 of its levels.
You also visited: Ossuary.

You collected 171 gold pieces.
You spent 26 gold pieces at shops.

Inventory:

Hand Weapons
 h - a +2 dagger of draining (weapon)
Missiles
 e - 93 stones
 g - 3 curare-tipped darts (quivered)
 i - a poisoned dart
Armour
 a - a +0 robe (worn)
Wands
 m - a wand of acid (3)
Scrolls
 d - a scroll of identify
 k - a scroll of enchant weapon
 o - a scroll of immolation {unknown}
Potions
 b - a potion of cancellation {unknown}
 f - a potion of curing {unknown}
 j - a potion of berserk rage
 l - a potion of magic {unknown}
 n - a potion of heal wounds
Miscellaneous
 c - a phial of floods (inert)


   Skills:
 - Level 2.0 Fighting
 * Level 5.0 Short Blades
 + Level 2.9 Throwing
 - Level 4.0 Dodging
 + Level 5.9 Stealth
 - Level 2.4 Unarmed Combat
 - Level 5.0 Spellcasting
 - Level 2.6 Transmutations


You had 13 spell levels left.
You knew the following spells:

 Your Spells              Type           Power      Damage    Failure   Level
a - Beastly Appendage     Tmut           22%        N/A       6%          1
b - Wereblood             Tmut           11%        N/A       9%          2

Your spell library contained the following spells:

 Spells                   Type           Power      Damage    Failure   Level
 Spider Form              Tmut/Pois      3%         N/A       30%         3
 Ice Form                 Ice/Tmut       7%         N/A       69%         4


Dungeon Overview and Level Annotations

Branches:
Dungeon (5/15)            Ossuary (1/1)
 Temple: D:4-7

Altars:
Fedhas
Qazlal
Xom

Shops:
D:2 [   D:4 =   D:5 *=:!

Annotations:
D:4 Menkaure


Innate Abilities, Weirdness & Mutations

You are very small and have problems with some larger weapons.
You are too small for most types of armour.
You have supernaturally acute eyesight. (SInv)
You cover ground extremely quickly. (Speed+++)


Message History

You hit the orc skeleton.
The orc skeleton is almost destroyed.
You barely miss the orc skeleton.
The orc skeleton is almost destroyed.
The orc skeleton hits you.
You hit the orc skeleton but do no damage.
The orc skeleton is almost destroyed.
You hit the orc skeleton.
You feel a bit better.
You destroy the orc skeleton!
No target in view!
You open the door.
A mummy comes into view.
You howl as the wereblood boils in your veins!
Found 2 fizzy emerald potions.
There is an open door here.
You hit the mummy but do no damage.
You howl as the wereblood boils in your veins!
You hit the mummy but do no damage. The mummy closely misses you.
You hit the mummy.
The mummy is lightly damaged.
You hit the mummy.
The mummy is lightly damaged.
The mummy hits you!
You hit the mummy.
The mummy is moderately damaged.
You hit the mummy.
The mummy is moderately damaged.
Your primal bloodlust is almost over.
You hit the mummy.
The mummy is heavily damaged.
You howl as the wereblood boils in your veins!
The mummy hits you!
You completely miss the mummy.
The mummy is heavily damaged.
You howl as the wereblood boils in your veins!
You are too injured to fight recklessly!
You barely miss the mummy.
The mummy is heavily damaged.
The mummy hits you!
You die...

##+## ###...####
#+.'.!.'..# #+
##..#...##.#
##.###..###'###'#
#...#..## ###
#.## +.!M@.##
#..# #...###
##.## ##.# #..#
#+ ##.##
##+###..#
#...#..##
+...'.## #...###
##.##


You could see a mummy.

Vanquished Creatures
  A sky beast (D:5)
  An ice beast (D:5)
  3 bullfrogs
  A jelly (D:5)
  A hound (D:4)
  3 bullfrog skeletons (D:5)
  2 iguanas
  A hound skeleton (D:4)
  2 mummies (Ossuary)
  3 gnolls (D:5)
  5 adders
  A white imp (D:5)
  An adder skeleton (D:4)
  3 worms
  A dart slug (D:5)
  4 orcs
  5 endoplasms
  3 giant cockroaches
  6 goblins
  8 hobgoblins
  6 jackals
  6 quokkas
  8 ball pythons
  9 bats
  5 frilled lizards
  2 goblin skeletons (Ossuary)
  8 kobolds
  An orc skeleton (Ossuary)
  4 rats
104 creatures vanquished.

Vanquished Creatures (others)
  An adder (D:3)
  A ball python (D:3)
  A giant cockroach (D:3)
  A goblin (D:3)
  A jackal (D:3)
  A quokka (D:3)
  A bat (D:3)
  A kobold (D:3)
  2 plants (D:3)
10 creatures vanquished.

Grand Total: 114 creatures vanquished

Notes
Turn   | Place    | Note
-------+----------+-------------------------------------------
     0 | D:1      | inmateoo the Spriggan Transmuter began the quest for the
                  | Orb.
     0 | D:1      | Reached XP level 1. HP: 9/9 MP: 5/5
    44 | D:1      | Reached skill level 1 in Stealth
   477 | D:2      | Reached XP level 2. HP: 14/14 MP: 4/6
   529 | D:2      | Found a faded altar of an unknown god.
   624 | D:2      | Learned a level 2 spell: Wereblood
  1338 | D:1      | Reached XP level 3. HP: 10/17 MP: 6/8
  2387 | D:2      | Reached skill level 1 in Short Blades
  2431 | D:2      | Found Haateyma's Armour Shop.
  2709 | D:2      | Reached skill level 1 in Fighting
  2709 | D:2      | Reached XP level 4. HP: 22/22 MP: 9/9
  3582 | D:3      | Found a shimmering altar of Xom.
  4464 | D:4      | Found Xoleg's Jewellery Shop.
  4600 | D:4      | Found a stormy altar of Qazlal.
  4603 | D:4      | Noticed an air elemental
  4621 | D:4      | Noticed a bullfrog
  4631 | D:4      | Reached XP level 5. HP: 25/25 MP: 8/11
  4639 | D:4      | Reached skill level 1 in Throwing
  4732 | D:4      | Found a blossoming altar of Fedhas.
  4787 | D:4      | Reached XP level 6. HP: 25/30 MP: 13/13
  4854 | D:4      | Noticed Menkaure
  4963 | D:4      | Noticed a fire elemental
  5027 | D:4      | Noticed a water elemental
  5369 | D:5      | Entered Level 5 of the Dungeon
  5399 | D:5      | Noticed an ice beast
  5401 | D:5      | Killed an ice beast
  5402 | D:5      | Reached skill level 5 in Stealth
  5421 | D:5      | Reached XP level 7. HP: 35/35 MP: 11/14
  5597 | D:5      | Found Kuddez's General Store.
  5597 | D:5      | Found Adoadosm's Jewellery Boutique.
  5601 | D:5      | Bought a scroll of identify for 26 gold pieces
  5636 | D:5      | Found Zit Lofu's Book Emporium.
  5641 | D:5      | Found Hesumn's Distillery.
  5941 | D:5      | Reached skill level 5 in Spellcasting
  6052 | D:5      | Found a sand-covered staircase.
  6058 | Ossuary  | Entered an ossuary
  6092 | Ossuary  | Reached skill level 5 in Short Blades
  6132 | Ossuary  | Slain by a mummy

Illustrated notes

Levels and vault maps discovered:
D:1:      dpeg_arrival_windows_large_door, layout_loops_ring,
          wad_floor_pattern_untrapped
D:2:      layout_loops_ring, serial_shops, nicolae_shop_waterfront,
          ebering_ecumenical_altar_mist, dk_noncrumbling_4
D:3:      minmay_octagon_keep, layout_loops_ring, xom_confusion_cloud,
          serial_bayou_pond_d
D:4:      layout_loops_cross, marbit_many_paths,
          nicolae_qazlal_style_of_elements, serial_shops,
          nicolae_shop_waterfront, uniq_menkaure
D:5:      layout_loops_ring, nicolae_overflow_hidden_temple,
          nicolae_ossuary_entry_plus, serial_shops,
          nicolae_shop_temple_entry_statues_fountains, shop, shop, shop,
          kennysheep_mini, kennysheep_nondescript
Ossuary:  ossuary_due_small_catacomb

Skill      XL: |  1  2  3  4  5  6  7 |
---------------+----------------------+-----
Stealth        | 1 2 3 4 5 |  5.9
Spellcasting   | 3 4 5 |  5.0
Dodging        | 3 4 |  4.0
Short Blades   | 1 2 3 4 5 |  5.0
Fighting       | 1 2 |  2.0
Throwing       | 1 2 |  2.9
Unarmed Combat | |  2.4
Transmutations | |  2.6

Action                   |  1- 3 |  4- 6 |  7- 9 || total
-------------------------+-------+-------+-------++-------
Melee: Unarmed           |    56 |       |       ||    56
       Kick              |    18 |     1 |       ||    19
       Headbutt          |    16 |       |       ||    16
       Punch             |     2 |       |     1 ||     3
       Dagger            |   153 |   173 |    87 ||   413
Throw: Stone             |     4 |       |    31 ||    35
       Dart              |       |    32 |     4 ||    36
 Cast: Beastly Appendage |    15 |     1 |       ||    16
       Wereblood         |     5 |     7 |     2 ||    14
Evoke: Phial of floods   |       |     1 |       ||     1
  Use: Scroll            |     5 |     5 |       ||    10
       Potion            |     2 |       |       ||     2
 Stab: Sleeping          |    11 |     7 |     2 ||    20
Armor: Robe              |    18 |    20 |     4 ||    42
Dodge: Dodged            |   196 |   137 |    39 ||   372
